 Dungeon Crawl Stone Soup version 0.28-a0-983-g1de4e0787c (webtiles) character file.

Game seed: 5929097326196739128

46 sanka the Chopper (level 3, -1/31 HPs)
             Began as a Palentonga Abyssal Knight on Dec 2, 2021.
             Was a Believer of Lugonu.
             Slain by a hound (2 damage)
             ... on level 2 of the Dungeon.
             The game lasted 00:01:51 (1580 turns).

sanka the Chopper (Palentonga Abyssal Knight)       Turns: 1580, Time: 00:01:52

Health: -1/31      AC:  7    Str: 18    XL:     3   Next: 46%
Magic:  4/4        EV:  7    Int: 10    God:    Lugonu [**....]
Gold:   74         SH:  0    Dex: 10    Spells: 2/2 levels left

rFire   . . .      SeeInvis +   a - +1 hand axe
rCold   + . .      Faith    .   (no shield)
rNeg    . . .      Spirit   .   g - +1 scale mail {rC+}
rPois   .          Reflect  .   (no helmet)
rElec   .          Harm     .   (no cloak)
rCorr   .          Rampage  .   (no gloves)
Will    .....                   (no barding)
Stlth   ..........              (no amulet)
HPRegen 0.10/turn               (no ring)
MPRegen 0.09/turn               (no ring)

@: mighty, weak-willed
A: large, rugged brown scales 3, see invisible, deformed body, roll 1, armoured
tail
a: Rolling Charge, Renounce Religion, Depart the Abyss, Bend Space


You were on level 2 of the Dungeon.
You worshipped Lugonu.
Lugonu was pleased with you.
You visited 1 branch of the dungeon, and saw 2 of its levels.
You visited the Abyss 1 time.

You collected 74 gold pieces.


Innate Abilities, Weirdness & Mutations

You are completely covered in rugged brown scales. (AC +3, +7% HP)
You have supernaturally acute eyesight. (SInv)
Armour fits poorly on your strangely shaped body.
You can roll at nearby foes to attack.
You have a long armoured tail.


   Skills:
 - Level 3.0 Fighting
 + Level 3.9 Axes
 - Level 1.5 Armour
 - Level 0.7 Dodging
 - Level 2.0 Invocations


You had 2 spell levels left.
You didn't know any spells.
Your spell library was empty.

Inventory:

Hand Weapons
 a - a +1 hand axe (weapon)
Armour
 b - a +0 leather armour
 g - a +1 scale mail of cold resistance (worn)
Magical Staves
 d - a staff of air
Scrolls
 e - a scroll of enchant armour
Potions
 f - a potion of curing {unknown}

Dungeon Overview and Level Annotations

Branches:
Dungeon (2/15)

Altars:

Annotations:
D:2 Terence

..▒ ▒▒'▒▒ ▒. .▒. ▒.▒ ▒.
▒. ▒.▒ ▒. ▒▒.▒▒ ▒.
▒▒...▒▒ ▒. ▒ ▒.....▒▒
▒▒ ▒. ▒▒.....▒▒
▒.▒▒.▒▒▒▒▒▒▒▒▒.....▒▒▒▒
▒....hH@...............
▒.▒▒.▒▒▒▒▒▒▒▒▒.....▒▒▒▒
▒ ▒....▒▒ ▒.▒.▒▒ ▒.▒▒▒
▒▒▒▒▒.▒▒▒▒▒ ▒.........▒
▒.▒▒▒▒▒▒▒.▒ ▒.▒▒▒▒


You could see Terence (weak-willed) and a hound (weak-willed).


Message History

You hit Terence but do no damage.
Terence is heavily wounded.
Terence hits you but does no damage. Terence hits you with a +0 mace.
* * * LOW HITPOINT WARNING * * *
A hound comes into view.
The hound bites you but does no damage.
You closely miss the hound. You hit Terence but do no damage.
The hound barely misses you. Terence barely misses you.
The hound barely misses you.
As you read the scroll labelled FIRHIP HUMNAFOXOXE, it crumbles to dust.
It is a scroll of identify.
e - a scroll of enchant armour The hound bites you.
* * * LOW HITPOINT WARNING * * *
Terence barely misses you.
As you read the scroll labelled MITUDA NUIRPHAXT, it crumbles to dust.
Magic quickly surges around you.
It was a scroll of vulnerability.
The hound bites you but does no damage.
Terence asks, "Do you want it fast or slow?"
Terence hits you with a +0 mace.
* * * LOW HITPOINT WARNING * * *
The hound barely misses you.
It was a potion of might.
You feel very mighty all of a sudden. The hound bites you.
You die...

Action                   || total
-------------------------++-------
Melee: Hand axe          ||    78
       Tailslap          ||     7
  Use: Scroll            ||     2
       Potion            ||     1
Armor: Leather armour    ||    15
       Scale mail        ||    14
Dodge: Dodged            ||    37

Levels and vault maps discovered:
D:1:      saegor_arrival_miasma, layout_loops_ring, minmay_misc_feat_columns,
          minmay_misc_feat_five
D:2:      layout_loops_corners, serial_shops, shop, minmay_hexomino_r4,
          uniq_terence

Notes
Turn   | Place    | Note
-------+----------+-------------------------------------------
     0 | Abyss:1  | sanka the Palentonga Abyssal Knight began the quest for the
                  | Orb.
     0 | Abyss:1  | Reached XP level 1. HP: 19/19 MP: 2/2
    45 | D:1      | Escaped the Abyss
   121 | D:1      | Reached XP level 2. HP: 25/25 MP: 3/3
   259 | D:1      | Reached skill level 3 in Axes
   388 | D:1      | Reached ** piety under Lugonu
   815 | D:1      | Reached XP level 3. HP: 31/31 MP: 4/4
  1535 | D:2      | Noticed Terence
  1546 | D:2      | HP: 1/31 [Terence (5)]
  1579 | D:2      | HP: 1/31 [Terence (3)]
  1580 | D:2      | Slain by a hound

Vanquished Creatures
  An adder (D:2)
  A dart slug (D:1)
  3 bats (D:1)
  7 endoplasms
  A giant cockroach (D:1)
  3 goblins (D:1)
  2 hobgoblins (D:1)
  A quokka (D:1)
  6 ball pythons
  2 frilled lizards (D:1)
  3 kobolds
  2 rats (D:1)
32 creatures vanquished.
